 Dungeon Crawl Stone Soup version 0.13-a0-1536-gedae9ec (webtiles) character file.

359 Kae the Sneak (level 5, -20/24 HPs)
             Began as a Spriggan Enchanter on June 9, 2013.
             Demolished by a goliath beetle (24 damage)
             ... on Level 5 of the Dungeon.
             The game lasted 00:04:35 (2906 turns).

Kae the Sneak (Spriggan Enchanter)                  Turns: 2906, Time: 00:04:35

HP -20/24        AC  4     Str  5      XL: 5   Next: 59%
MP   7/15        EV 18     Int 17      God:
Gold 146         SH  0     Dex 16      Spells:  2 memorised,  7 levels left

Res.Fire  : . . .   See Invis. : +   a - +1 dagger {=f}
Res.Cold  : . . .   Warding    : .   b - +1 robe
Life Prot.: . . .   Conserve   : .   (shield restricted)
Res.Poison: .       Res.Corr.  : .   (helmet restricted)
Res.Elec. : .       Clarity    : .   x - +0 elf cloak
Sust.Abil.: . .     Spirit.Shd : .   (gloves unavailable)
Res.Mut.  : .       Stasis     : .   (boots unavailable)
Res.Rott. : .       Flight     : .   (no amulet)
Saprovore : . . .                    (no ring)
                                     (no ring)

@: very slightly contaminated, very quick, somewhat resistant to hostile
enchantments, very stealthy
A: unfitting armour, see invisible, herbivore 3, speed 3, slow metabolism 2
a: no special abilities


You were on level 5 of the Dungeon.
You were very hungry.

You visited 1 branch of the dungeon, and saw 5 of its levels.

You collected 126 gold pieces.

Inventory:

Hand weapons
 a - a +1,+1 dagger (weapon) {=f}
Missiles
 d - 35 darts (quivered)
 h - a dart of flame
Armour
 b - a +1 robe (worn)
 x - a +0 elven cloak (worn)
Comestibles
 i - 4 pears
 l - a bread ration
 m - 2 meat rations
 t - an apple
 D - a choko
Scrolls
 f - a scroll of fog {unknown}
 g - a scroll of teleportation {unknown}
 k - a scroll of curse jewellery {unknown}
 n - 2 scrolls of noise {unknown}
 o - a scroll of fear {unknown}
 q - 5 scrolls of identify {unknown}
 v - a scroll of enchant armour {unknown}
 w - a scroll of remove curse {unknown}
 E - a scroll of enchant weapon I {unknown}
 F - a scroll of curse weapon {unknown}
 G - a scroll of amnesia {unknown}
Jewellery
 r - an uncursed ring of sustenance {unknown}
 y - a +5 ring of intelligence {unknown}
Potions
 e - a potion of porridge
 j - a potion of magic {unknown}
 p - 2 potions of curing {unknown}
 s - 2 potions of brilliance {unknown}
 u - 2 potions of restore abilities {unknown}
 z - a potion of invisibility {unknown}
 A - a potion of speed {unknown}
 B - 2 potions of slowing {unknown}
 C - 2 potions of might {unknown}
Books
 c - a book of Maledictions

   Spells                             Type                      Level
   *Corona                            Hexes                        1
   Sure Blade                         Hexes/Charms                 2
   *Ensorcelled Hibernation           Hexes/Ice                    2
   Confuse                            Hexes                        3
   Enslavement                        Hexes                        4
   Invisibility                       Hexes                        6


   Skills:
 + Level 3.1 Short Blades
 - Level 1.1 Throwing
 - Level 3.0 Dodging
 + Level 5.4 Stealth
 + Level 3.1 Spellcasting
 + Level 5.0 Hexes


You had 7 spell levels left.
You knew the following spells:

 Your Spells              Type           Power        Failure   Level  Hunger
a - Corona                Hex            ###....      2%          1    None
b - Ensorcelled Hibernat  Hex/Ice        ##....       12%         2    ##.....


Dungeon Overview and Level Annotations

Branches:
Dungeon (5/27)
 Temple: D:4-7

Altars:

Annotations
D:4 Menkaure


Innate Abilities, Weirdness & Mutations

You are tiny and cannot use many weapons and most armour.
You have supernaturally acute eyesight.
You are a herbivore.
You cover ground extremely quickly.
You need consume almost no food.


Message History

Press: ? - help, Shift-Dir - straight line, f/p - goliath beetle
Aim: a goliath beetle (heavily wounded)
The goliath beetle resists.
The sky beast flickers out of sight for a moment.
Casting: Ensorcelled Hibernation
Confirm with . or Enter, or press ? or * to list all spells.
Aiming: Ensorcelled Hibernation
Press: ? - help, Shift-Dir - straight line, f/p - goliath beetle
Aim: a goliath beetle (heavily wounded)
The goliath beetle easily resists.
Casting: Ensorcelled Hibernation
Confirm with . or Enter, or press ? or * to list all spells.
Aiming: Ensorcelled Hibernation
Press: ? - help, Shift-Dir - straight line, f/p - goliath beetle
Aim: a goliath beetle (heavily wounded)
You miscast Ensorcelled Hibernation.
You are very lightly contaminated with residual magic.
You feel a strange surge of energy! The goliath beetle bites you!
Ouch! That really hurt!
You die...

. #.# #. . #.# #. #.#
#.# #. #.# #.# ##. #.#
#.# ... #.# #[######.
#.######.# #..!.....#
#...(....#####B.......#
#.<..........@..I.....#
#.....)...!...........
#.....................
#........%............
#....................
#...................
............?>......
###.................
#.######.######


You could see a goliath beetle and a sky beast (invisible).

Vanquished Creatures
  Sigmund (D:2)
  A worker ant (D:5)
  5 adders
  A worm (D:2)
  A bat skeleton (D:4)
  A giant eyeball (D:4)
  5 orcs
  A ball python (D:3)
  5 giant cockroaches
  7 hobgoblins
  4 jackals (D:4)
  8 bats
  A giant cockroach zombie (D:4)
  3 giant newts
  6 goblins
  6 kobolds
  A kobold skeleton (D:4)
  7 rats
  A rat zombie (D:4)
65 creatures vanquished.

Notes
Turn   | Place    | Note
--------------------------------------------------------------
     0 | D:1      | Kae, the Spriggan Enchanter, began the quest for the Orb.
     0 | D:1      | Reached XP level 1. HP: 9/9 MP: 4/4
   402 | D:1      | Reached XP level 2. HP: 8/13 MP: 6/6
   410 | D:1      | Learned a level 2 spell: Ensorcelled Hibernation
   885 | D:2      | Noticed Sigmund
   962 | D:2      | Reached skill level 4 in Hexes
  1059 | D:2      | Reached XP level 3. HP: 16/16 MP: 9/9
  1895 | D:3      | Reached XP level 4. HP: 14/21 MP: 12/12
  2524 | D:2      | Killed Sigmund
  2524 | D:2      | Reached skill level 5 in Stealth
  2524 | D:2      | Reached XP level 5. HP: 24/24 MP: 12/15
  2562 | D:4      | Noticed Menkaure
  2886 | D:5      | Entered Level 5 of the Dungeon
  2893 | D:5      | Reached skill level 5 in Hexes
  2898 | D:5      | Noticed a sky beast
  2906 | D:5      | Demolished by a goliath beetle

Action                   |  1- 3 |  4- 6 || total
-------------------------+-------+-------++-------
Melee: Dagger            |   119 |    91 ||   210
 Cast: Ensorcelled Hiber |     6 |    13 ||    19
 Stab: Sleeping          |    15 |    13 ||    28
